Description

fd

Replay - Classic v Serral: Game 1 - Acid Plant LE

Build Order

Get SALT Encoding   

  12  0:00  Probe  
  13  0:12  Probe  
  14  0:17  Pylon  
  14  0:24  Probe (Chrono Boost)  
  15  0:36  Probe (Chrono Boost)  
  15  0:37  Assimilator  
  16  0:44  Probe (Chrono Boost)  
  16  0:46  Gateway  
  17  0:51  Probe  
  18  1:03  Probe  
  19  1:15  Probe  
  20  1:23  Nexus  
  20  1:27  Probe  
  21  1:36  Cybernetics Core  
  21  1:39  Probe  
  22  1:44  Assimilator  
  22  1:50  Pylon  
  22  1:53  Probe  
  23  2:08  Probe  
  24  2:10  Adept (Chrono Boost)  
  24  2:15  Twilight Council  
  26  2:20  Probe, Warp Gate  
  27  2:28  Stalker  
  27  2:34  Probe x2 (Chrono Boost)  
  33  2:45  Probe x3 (Chrono Boost)  
  33  2:50  Probe (Chrono Boost)  
  33  2:56  Robotics Facility  
  35  3:02  Charge  
  35  3:17  Gateway x3  
  35  3:26  Assimilator  
  35  3:30  Gateway x2  
  35  3:39  Gateway x2  
  35  3:47  Warp Prism (Chrono Boost)  
  35  3:52  Probe  
  38  4:07  Pylon  
  38  4:20  Pylon x2  
  38  4:36  Zealot x8  
  54  4:41  Pylon x2  
  54  5:04  Zealot x8  
  62  5:30  Zealot x8  
  66  5:51  Zealot x6  
Spawning Tool Build Advisor. Get it on Overwolf

Go to:

Details

  • Created by: Vyphyr
  • Published on: Aug 15, 2018
  • Modified on: Aug 15, 2018
  • Patch: 4.0.0
Show
View Real Time Build Order
Export as new Build Order

Comments (0)

There are no comments. Be the first!

Create an account to comment!